Map: Ruby Rock LE

Players

抖音月野鹿

  • Race: Zerg Zerg
  • League: Master

电脑难度(新手) - Winner!

  • Race: Zerg Zerg

VOD

Have the link to the VOD?

Description

Time

  • Played on: March 7, 2026, 3:09 a.m.
  • Length: 7:06
Show
View Real Time Build Order
Export as new Build Order

抖音月野鹿 Zerg 

Build Orders: Hatch First 

Get SALT Encoding   

  12  0:00  Drone  
  13  0:09  Drone  
  14  0:14  Extractor  
  14  0:15  Drone  
  15  0:22  Overlord  
  15  0:41  Drone  
  16  0:47  Hatchery  
  15  0:51  Drone  
  15  0:55  Drone  
  17  0:59  Drone  
  18  1:09  Extractor  
  17  1:12  Spawning Pool  
  17  1:15  Drone  
  17  1:19  Drone  
  18  1:29  Drone  
  19  1:39  Drone  
  20  1:51  Drone  
  21  1:59  Queen x2  
  21  2:00  Zergling x2  
  26  2:02  Overlord  
  26  2:14  Drone x2  
  28  2:20  Metabolic Boost  
  28  2:22  Drone x2  
  30  2:37  Hatchery  
  30  2:40  Drone  
  30  2:44  Zergling x2  
  31  2:47  Queen  
  31  2:51  Overlord  
  33  2:54  Drone x2  
  33  2:57  Drone  
  36  3:02  Overlord  
  36  3:10  Drone x2  
  36  3:12  Drone  
  39  3:14  Drone x3  
  39  3:17  Drone  
  39  3:19  Spore Crawler  
  42  3:20  Drone  
  42  3:23  Drone  
  42  3:26  Spore Crawler  
  43  3:34  Lair  
  43  3:36  Drone x2  
  45  3:41  Drone x3  
  45  3:44  Drone  
  45  3:46  Extractor  
  48  3:50  Overlord  
  48  3:52  Drone  
  49  3:59  Drone  
  49  4:01  Overlord  
  49  4:02  Drone x3  
  53  4:03  Spore Crawler  
  52  4:11  Drone x3  
  52  4:13  Drone x3  
  52  4:16  Drone  
  59  4:25  Zergling x6  
  59  4:31  Drone  
  63  4:32  Hatchery, Overlord  
  63  4:35  Drone x3  
  63  4:38  Drone  
  66  4:39  Hydralisk Den  
  66  4:40  Overlord  
  66  4:41  Drone x2  
  67  4:49  Drone x5  
  72  4:54  Extractor  
  72  4:55  Drone, Extractor  
  72  4:56  Extractor x2  
  72  4:59  Drone  
  70  5:00  Overlord  
  70  5:01  Drone x3  
  70  5:06  Drone  
  74  5:10  Muscular Augments  
  74  5:11  Drone  
  75  5:15  Overlord  
  75  5:16  Drone x2  
  75  5:20  Overlord  
  77  5:26  Hydralisk x4  
  85  5:33  Hydralisk x3  
  85  5:35  Hydralisk  
  93  5:37  Overlord  
  93  5:41  Hydralisk  
  93  5:42  Hydralisk  
  97  5:46  Hydralisk x2  
  97  5:48  Overlord x2  
  97  5:49  Overlord  
  101  5:52  Hydralisk x2  
  105  6:01  Hydralisk x3  
  111  6:07  Overlord  
  111  6:08  Hydralisk x2  
  115  6:13  Zergling x16  
  115  6:14  Grooved Spines  
  123  6:21  Hydralisk x3  
  123  6:24  Hydralisk x2  
  133  6:31  Hydralisk x2  
  137  6:36  Zergling x12  
  143  6:41  Hydralisk x3  
Show
View Real Time Build Order
Export as new Build Order

电脑难度(新手) Zerg - Winner!

Build Orders: Pool Only 

Get SALT Encoding   

  12  0:00  Drone  
  13  0:12  Overlord  
  13  0:16  Drone  
  14  0:36  Spawning Pool  
  14  0:37  Extractor  
  14  0:39  Drone  
  13  0:46  Drone  
  14  0:52  Overlord  
  14  1:23  Zergling x2  
  14  1:25  Queen  
  17  1:33  Roach Warren  
  17  1:36  Drone  
  17  1:41  Extractor  
  17  1:44  Drone  
  17  1:51  Zergling x2  
  18  2:03  Drone  
  19  2:10  Drone  
  20  2:19  Drone  
  20  2:20  Zergling x2  
  22  2:29  Overlord  
  22  2:32  Drone  
  23  2:39  Drone  
  24  2:46  Drone  
  24  2:49  Roach  
  27  4:07  Zergling x2  
Tags
 
Add a new tag
Caveats
  • Supply blocks, unpowered buildings, or Contaminate may cause inaccurate times.
  • Supply counts are checked every 10 seconds.